Cogmind - Beta 11.1 *** ADVENTURER MODE // 2022.07.22 @ 15:19:08 Player: Olexender Result: Destroyed by G-47 Trooper with Particle Gun Performance ------------- Evolutions (0) 0 Regions Visited (2) 400 Robots Destroyed (30) 150 Value Destroyed (610) 610 Prototype IDs (2) 40 Alien Tech Used (0) 0 Bonus (0) 0 TOTAL SCORE: 1200 Bonus ------- None Cogmind --------- Core Integrity 0/250 Matter 298/300 Energy 125/125 System Corruption 0% Temperature Cool (9) Movement Core (200) Ox3 Location -10/Mines Parts ------- > --- POWER (1) -------- Light Ion Engine > --- PROPULSION (2) --- (None) > --- UTILITY (2) ------ Improved Heat Sink Small Storage Unit > --- WEAPON (2) ------- Light Assault Rifle Mining Claw > --- INVENTORY (8) ---- Light Ion Engine Structural Scanner ECM Suite Light Assault Rifle Hammer Peak State ------------ > --- POWER ------------ Light Nuclear Core > --- PROPULSION ------- Aluminum Leg Aluminum Leg > --- UTILITY ---------- Improved Heat Sink Sensor Array > --- WEAPON ----------- Small Laser Light Assault Rifle > --- INVENTORY -------- Compact Wheel Structural Scanner Hammer [Rating: 11] Favorites ----------- Power Light Nuclear Core Engine Ion Engine Power Core Light Nuclear Core Propulsion Aluminum Leg Leg Aluminum Leg Wheel Compact Wheel Utility Improved Heat Sink Device Improved Heat Sink Storage High-capacity Storage Unit Weapon Light Assault Rifle Energy Gun Small Laser Ballistic Gun Light Assault Rifle Launcher Grenade Launcher Slashing Weapon Mining Claw Build | -11 -10 -10 ------- Run | Scr Mat Min Slots Evolved . | . . . Power . | . . . Propulsion . | . . . Utility . | . . . Weapon . | . . . Parts Attached 31 | 5 17 9 Power 5 | 1 2 2 Engine 4 | 1 1 2 Core 1 | . 1 . Reactor . | . . . Propulsion 8 | 2 3 3 Treads . | . . . Leg 4 | 2 2 . Wheel 4 | . 1 3 Hover . | . . . Flight . | . . . Utility 8 | . 5 3 Device 6 | . 4 2 Storage 2 | . 1 1 Processor . | . . . Hackware . | . . . Protection . | . . . Artifact . | . . . Weapon 10 | 2 7 1 Energy Gun 5 | 1 4 . Energy Cannon . | . . . Ballistic Gun 3 | 1 1 1 Ballistic Cannon . | . . . Launcher 1 | . 1 . Special Weapon . | . . . Impact Weapon . | . . . Slashing Weapon 1 | . 1 . Piercing Weapon . | . . . Special Melee Weapon . | . . . Unidentified Prototypes . | . . . Parts Lost 12 | . 6 6 Power 2 | . 1 1 Propulsion 6 | . 2 4 Utility 2 | . 1 1 Weapon 2 | . 2 . Highest Loss Streak 5 | . 5 4 To Critical Strikes . | . . . Average Slot Usage (%) 79 | . 76 84 Engine 4 | . 3 7 Core 7 | . 10 3 Leg 13 | . 19 2 Wheel 6 | . 1 16 Device 15 | . 14 18 Storage 2 | . 1 5 Energy Gun 8 | . 13 . Ballistic Gun 12 | . 11 14 Slashing Weapon 5 | . 1 14 Naked Turns . | . . . Heaviest Build 49 | 8 49 49 Greatest Support 32 | 20 20 32 Greatest Overweight (x) 3 | . 3 3 Average Overweight (x) . | . . . Largest Inventory Capacity 20 | 5 20 20 Average Capacity 6 | 5 6 8 Most Carried 7 | 4 6 7 Average Carried 3 | 1 3 4 Final Capacity 20 | 5 20 8 Final Carried 6 | 2 6 5 Class Distribution -------------------- 73% | Scavenger-Mutant 26% | Mutant Dominant Class ---------------- Scavenger-Mutant | -10/Materials Scavenger-Mutant | -10/Mines Resources | -11 -10 -10 ----------- Run | Scr Mat Min Matter Collected 707 | 248 305 154 Remotely . | . . . Salvage Created 963 | 131 630 202 Parts 67 | 12 39 16 Haulers Intercepted 2 | . 2 . Recyclers Shooed 1 | 1 . . Parts Field Recycled . | . . . Retrieved Matter . | . . . Parts Self-Destructed . | . . . Prevented . | . . . Kills | -11 -10 -10 ------- Run | Scr Mat Min Combat Hostiles Destroyed 17 | . 13 4 Guns 15 | . 11 4 AOE 2 | . 2 . Classes Destroyed 7 | 2 5 . Builder 1 | . 1 . Tunneler 4 | 3 . 1 Hauler 2 | . 2 . Recycler 3 | 1 1 1 Watcher 3 | . 3 . Swarmer 5 | . 3 2 Grunt 12 | . 10 2 Best Kill Streak 7 | 2 7 2 Combat Bots Only 4 | . 4 2 Max Kills in Single Turn 2 | 1 2 1 Gunslinging . | . . . Exploded 1 | . 1 . Melee . | . . . Uniques/NPCs Destroyed . | . . . Combat | -11 -10 -10 -------- Run | Scr Mat Min Damage Taken 1158 | . 723 435 Core 253 | . 114 139 Absorbed by Shields . | . . . Core Remaining (%) 100 | 100 . . Volleys Fired 121 | 8 71 42 Largest 2 | 2 2 1 Hottest 80 | 60 80 20 Shots Fired 157 | 10 105 42 Gun 150 | 10 98 42 Cannon . | . . . Launcher 7 | . 7 . Special . | . . . Kinetic 94 | 8 44 42 Thermal 56 | 2 54 . Explosive 7 | . 7 . Electromagnetic . | . . . Robot Hit Streak 15 | 8 15 14 Robot Miss Streak 2 | 1 2 2 Penetration Max . | . . . Secondary Targets 1 | . 1 . Max Gunslinging Chain 1 | . 1 . Shots Hit Robots 122 | 9 82 31 Core Hits 53 | 5 36 12 Critical Kills 1 | 1 . . Critical Parts Destroyed 2 | . 2 . Critical Strikes 3 | 1 2 . Destroy 3 | 1 2 . Melee Attacks . | . . . Impact . | . . . Slashing . | . . . Piercing . | . . . Sneak Attacks . | . . . Combat Hostiles . | . . . Follow-up Attacks . | . . . Damage Inflicted 1599 | 106 1239 254 Guns 1264 | 106 904 254 Cannons . | . . . Explosions 335 | . 335 . Melee . | . . . Ramming . | . . . Kinetic 759 | 84 421 254 Thermal 505 | 22 483 . Explosive 335 | . 335 . Electromagnetic . | . . . Impact . | . . . Slashing . | . . . Piercing . | . . . Highest Corruption . | . . . Average Corruption . | . . . Corruption Purged . | . . . Corruption Blocked . | . . . Overload Shots . | . . . Overflow Damage . | . . . Projectiles . | . . . Explosions . | . . . Melee . | . . . Knockbacks . | . . . Impact . | . . . Kinetic . | . . . Secondary . | . . . Self-Inflicted Damage . | . . . Shots . | . . . Rammed . | . . . Targets Rammed 1 | . 1 . Kicked 1 | . 1 . Crushed . | . . . Highest Temperature 43 | . 43 1 Average Temperature 12 | . 13 1 Received Heat Transfer 744 | . 522 222 Siege Activations . | . . . Robots Corrupted . | . . . Combat Hostiles . | . . . Parts Fried . | . . . Impact Corruptions . | . . . Robots Melted . | . . . Combat Hostiles . | . . . Parts Melted 2 | . 2 . Heat Transferred 1150 | 50 1100 . Parts Sabotaged . | . . . Parts Stolen . | . . . Parts Stripped . | . . . Power Chain Reactions . | . . . Missiles Intercepted . | . . . Alert | -11 -10 -10 ------- Run | Scr Mat Min Peak Influence 369 | 20 369 122 Initial 72 | . 11 72 Average 163 | 7 226 78 Maximum Alert Level 1 | . 1 . Low Security (%) 63 | 100 40 100 Level 1 36 | . 59 . Level 2 . | . . . Level 3 . | . . . Level 4 . | . . . Level 5 . | . . . High Security . | . . . Max Security . | . . . Squads Dispatched 3 | . 3 . Investigation 3 | . 3 . Extermination . | . . . Reinforcement . | . . . Assault . | . . . Garrison . | . . . Intercept . | . . . Searches Triggered . | . . . Construction Impeded . | . . . Haulers Reinforced . | . . . Active Scanning Responses . | . . . Cargo Convoy Interrupts . | . . . Stealth | -11 -10 -10 --------- Run | Scr Mat Min Distress Signals . | . . . Communications Jammed . | . . . Distress Signals . | . . . Times Spotted 26 | . 19 7 Peak Tracking Total 5 | . 5 4 Tactical Retreats 2 | . 2 . Traps | -11 -10 -10 ------- Run | Scr Mat Min Traps Triggered . | . . . Indirectly . | . . . Trap Hack Attempts . | . . . Triggered . | . . . Disarmed 6 | . 6 . Reprogrammed . | . . . Reused . | . . . Traps Extracted . | . . . Installed . | . . . Triggered . | . . . Machines | -11 -10 -10 ---------- Run | Scr Mat Min Machines Disabled 1 | . 1 . Max in Single Turn 1 | . 1 . Machines Sabotaged . | . . . Garrisons Compromised . | . . . Overloaded Fab Kills . | . . . Hacking | -11 -10 -10 --------- Run | Scr Mat Min Machines Accessed 8 | . 8 . Terminals 7 | . 7 . Fabricators . | . . . Repair Stations . | . . . Recycling Units 1 | . 1 . Scanalyzers . | . . . Garrison Access . | . . . Total Hacks 22 | . 22 . Successful 12 | . 12 . Failed 10 | . 10 . Catastrophic 1 | . 1 . Database Lockouts . | . . . Manual . | . . . Terminals 19 | . 19 . Fabricators . | . . . Repair Stations . | . . . Recycling Units 3 | . 3 . Scanalyzers . | . . . Garrison Access . | . . . Terminal Hacks 10 | . 10 . Prototype ID Bank 1 | . 1 . Branch Access Points 1 | . 1 . Unreport Threat 1 | . 1 . Disarm Traps 1 | . 1 . Dispatch Records 1 | . 1 . Transport Status 1 | . 1 . Hauler Manifests 1 | . 1 . Registered Components 1 | . 1 . Zone Layout 2 | . 2 . Fabricator Hacks . | . . . Repair Station Hacks . | . . . Recycling Unit Hacks 2 | . 2 . Report Inventory 1 | . 1 . Retrieve Components 1 | . 1 . Scanalyzer . | . . . Garrison Access Hacks . | . . . Unauthorized Hacks . | . . . Terminals . | . . . Fabricators . | . . . Repair Stations . | . . . Recycling Units . | . . . Scanalyzers . | . . . Garrison Access . | . . . Data Cores Recovered . | . . . Used . | . . . Hacking Detections 5 | . 5 . Full Trace Events 3 | . 3 . Feedback Events . | . . . Feedback Blocked . | . . . Robot Schematics Acquired . | . . . Robots Built . | . . . Authchips . | . . . Time . | . . . Total Robot Build Rating . | . . . Part Schematics Acquired . | . . . Parts Built . | . . . Authchips . | . . . Time . | . . . Total Part Build Rating . | . . . Parts Repaired . | . . . Time . | . . . Parts Recycled . | . . . Recycled Matter . | . . . Retrieved Matter . | . . . Retrieved Components 2 | . 2 . Parts Scanalyzed . | . . . Part Schematics Acquired . | . . . Parts Damaged . | . . . Bothacking | -11 -10 -10 ------------ Run | Scr Mat Min Used RIF Installer . | . . . Robots Hacked . | . . . Non-combat . | . . . Combat . | . . . Robot Hacks Applied . | . . . Relay Couplers Released . | . . . Fabnet Peak Effective % . | . . . Robots Rewired . | . . . Allies Hacked . | . . . Hacks Repelled . | . . . Allies | -11 -10 -10 -------- Run | Scr Mat Min Total Allies . | . . . Largest Group . | . . . Highest-Rated Group . | . . . Highest-Rated Ally . | . . . Total Orders . | . . . Ally Attacks . | . . . Total Damage . | . . . Kills . | . . . Allies Corrupted . | . . . Allies Melted . | . . . Intel | -11 -10 -10 ------- Run | Scr Mat Min Robot Analysis Total . | . . . Derelict Logs Recovered 1 | . . 1 Drone Launches . | . . . Drone Recoveries . | . . . Exploration | -11 -10 -10 ------------- Run | Scr Mat Min Turns Passed 1104 | 71 669 364 Spaces Moved 674 | 43 356 275 Core 46 | 16 . 30 Treads . | . . . Legs 350 | 27 323 . Wheels 278 | . 33 245 Hover . | . . . Flight . | . . . Fastest Speed 50 | 50 120 80 Average Speed 109 | 93 122 96 Slowest Speed 145 | 120 145 145 Overloaded Moves . | . . . Propulsion Burnouts . | . . . Robots Hopped . | . . . Cave-ins Triggered . | . . . Exploration Rate (%) 41 | 3 66 55 Regions Visited 2 Branch Regions 1 Pre-discovered Areas 1 | . . 1 Known Exits Taken 1 | . 1 . Unknown Exits Taken 1 | 1 . . Scrap Searched . | . . . Spaces Dug . | . . . Terrain Destroyed 12 | . 12 . Melee . | . . . Projectile . | . . . AOE 12 | . 12 . Terrain Rammed . | . . . Walls Destroyed . | . . . Machines Disabled . | . . . Actions | -11 -10 -10 --------- Run | Scr Mat Min Total 888 | 64 484 340 Wait 22 | . 20 2 Move 672 | 42 355 275 Hop . | . . . Pick Up 29 | 8 15 6 Fast Attach 4 | . 1 3 Attach 15 | 5 7 3 Detach . | . . . Swap 12 | . 9 3 Drop 12 | 1 5 6 Fire 121 | 8 71 42 Melee . | . . . Ram . | . . . Kick 1 | . 1 . Crush . | . . . Escape Stasis . | . . . Rewire . | . . . Trap . | . . . Miscellaneous . | . . . Route ------- -11/Scrapyard -10/Materials (discovered 4 exits: [*Mat x2] / *Min x2) -10/Mines (discovered 1 exit: [*Mat]) History --------- Turn | Location | Event 6 | -11/Scrapyard | Discovered new exit (range 15) 72 | -11/Scrapyard | Entered Materials 84 | -10/Materials | Discovered new exit (range 15) 96 | -10/Materials | Identified exit to Mines 236 | -10/Materials | Lost 5 parts (1p1n1u2w) 372 | -10/Materials | Discovered new exit (range 9) 547 | -10/Materials | Build established: Scavenger-Mutant 663 | -10/Materials | Discovered new exit (range 13) 741 | -10/Materials | Entered Mines 825 | -10/Mines | Discovered new exit (range 5) 830 | -10/Mines | Core integrity fell below 50% 888 | -10/Mines | Lost 4 parts (1p2n1u) 1087 | -10/Mines | Core integrity fell below 20% 1105 | -10/Mines | Destroyed by G-47 Trooper with Particle Gun Last Messages --------------- 00899_ Acquired Wheel. 00902_ Acquired Lgt. Ion Engine. 00986_ K-01 Serf collects debris. 01004_ R-06 Scavenger destroyed. 01013_ Dropped Lgt. Assault Rifle. 01014_ Acquired 60 matter. 01016_ Acquired Com. Wheel. 01019_ Dropped Structural Scanner. 01020_ Acquired Sml. Storage Unit. 01023_ Acquired Structural Scanner. 01068_ Acquired derelict log, extracted data. World map updated: -9/Materials. 01086_ G-47 Trooper destroyed. 01088_ K-01 Serf collects debris. 01089_ Acquired 45 matter. 01091_ Acquired 1 matter. 01092_ Com. Wheel destroyed. 01095_ G-34 Mercenary destroyed. 01101_ Wheel destroyed. 01103_ Critical hit (Burn: +37). Map ----- +----------------------------------------------------+ | ????????????????????## ### #### ## # | | ?????????????????????# #??# ##### # | | ?????????????????????# #???# ### | | ?????????????????????# #?????## | | ?????????????????????# #?????## | | ?????????????????????# #?????### | | ?????????????????????# #??###### | | ?????????????????????# #?###### ### | | ???????????????????### ##### ### | | ??##????????????#### ### ### | | ?## ????????#### ## | | ?# ??????## ## | | ?# #?????# ## #### | | ??# ##??## #### #### | | ???# ### #??### ## | | ???# #????# | | ????# #????# # ## | | ????##### ##????# ## #### | | ????????## ###?????# ############## | | ?????????## ##???????# ##########?### | | ??????????## #????????# #???????????## | | ???????????## ##????????# #???????????## | | ????????????# #?????????# #???????????## | | ????????????# ####??????# #????????????# | | ????????????# !g[#??????# #????????????? | | ????? ##@#??????? ?????????????? | | ???# #########[#??????? ?????????????? | | ????????????????#$#??????????????????????? | | ????????????????#%=??????????????????????? | | ????????????????###??????????????????????? | | ?????????????????????????????????????????? | | ?????????????????????????????????????????? | | ?????????????????????????????????????????? | | ?????????????????????????????????????????? | | ?????????????????????????????????????????? | | ?????????????????????????????????????????? | | ?????????????????????????????????????????? | | ?????????????????????????????????????????? | | ?????????????????????????????????????????? | | ?????????????????????????????????????????? | | ?????????????????????????????????????????? | | ?????????????????????????????????????????? | | ?????????????????????????????????????????? | | ?????????????????????????????????????????? | | ?????????????????????????????????????????? | | ?????????????????????????????????????????? | | ?????????????????????????????????????????? | | ?????????????????????????????????????????? | | ?????????????????????????????????????????? | | ?????????????????????????????????????????? | +----------------------------------------------------+ Best States ------------- Heat Dissipation 39 Energy Generation 14 Energy Capacity 250 Matter Stores 300 Matter Capacity 300 Sight Range 16 Robot Scan Range 14 Terrain Scan Density 10 ECM Strength 1 Resistance: KI 20 Resistance: TH 20 Resistance: EX 20 Resistance: EM 20 Resistance: I 20 Resistance: S 20 Resistance: P 20 Evasion (%) 55 Offensive Hacking 10 Item Schematics ----------------- None Robot Schematics ------------------ None Fabricated ------------ Nothing Alien Tech Used ----------------- None Achievements -------------- None Challenges ------------ None Game ------ Seed MakeshiftSystemUnit Manual? 0 Play Time 00:16:09 Cumulative 65.5 hours Start 2022.07.22 @ 15:00:08 End 2022.07.22 @ 15:19:08 Sessions 1 Manual Loads 0 Difficulty Adventurer Special Mode None Game No. 69 Rogue 0 Adventurer 69 Explorer 0 Win Type - Total 0 Types 0/0/0/0/0/0/0/0/0 Lore% 35 Gallery% 46 Achievement% 33 Wizard Run 0 Options --------- ASCII 0 Keyboard 0 Movement Mouse Keybinds 0 Fullscreen 1 Font 24/Smallcaps Map View 113x50 Tactical HUD 1 Map Filters NONE Filters NONE Steam 1 RUN: 0a8f4e91-a13d-428c-b0e9-2e1cc49c8824